 Dungeon Sprint DCSS version 0.18.1-8-gdd0e5ea (webtiles) character file.

270 Hiddenleafguy the Covert (level 6, -2/51 HPs)
             Began as a Demonspawn Assassin on May 22, 2016.
             Splashed by a jelly's acid (8 damage)
             ... in the Dungeon (Sprint I: "Red Sonja").
             The game lasted 00:00:38 (428 turns).

Hiddenleafguy the Covert (Demonspawn Assassin)       Turns: 428, Time: 00:00:39

Health: -2/51      AC: -7    Str: 11    XL:     6   Next: 1%
Magic:  6/6        EV: 13    Int: 13    God:
Gold:   162        SH:  0    Dex: 16    Spells: 0 memorised, 5 levels left

rFire  . . .     SeeInvis .     a - +2 dagger
rCold  . . .     Gourm    .     c - +0 robe
rNeg   . . .     Faith    .     (no shield)
rPois  .         Spirit   .     (no helmet)
rElec  .         Dismiss  .     d - +0 cloak
rCorr  .         Reflect  .     (no gloves)
SustAt .         Harm     .     (no boots)
MR     .....     NoTele   +     (no amulet)
Stlth  +++++.....               (no ring)
                                (no ring)

@: corroded, not resistant to hostile enchantments, quite stealthy
A: claws 1, rugged brown scales 2, demonic guardian 1
a: no special abilities


You were in the Dungeon.
You were not hungry.

You visited 1 branch You collected 162 gold pieces.

Inventory:

Hand Weapons
 a - a +2 dagger (weapon)
 b - a +0 blowgun
Missiles
 e - 8 poisoned needles
 f - 2 curare-tipped needles
Armour
 c - a +0 robe (worn)
 d - a +0 cloak (worn)
Scrolls
 m - a scroll of blinking
Potions
 h - a potion of curing
 i - a potion of heal wounds
 j - a potion of haste
 k - 2 potions of magic
 l - a potion of berserk rage
Comestibles
 g - a bread ration


   Skills:
 + Level 4.4 Fighting
 + Level 3.9 Short Blades
 + Level 3.3 Throwing
 + Level 2.2 Dodging
 + Level 10.9 Stealth


You had 5 spell levels left.
You didn't know any spells.

Dungeon Overview and Level Annotations

Branches:
Dungeon (1/1)

Altars:
Sif Muna
Vehumet


Innate Abilities, Weirdness & Mutations

You have sharp fingernails.
You are mostly covered in rugged brown scales (AC +2, +5% HP).
A weak demonic guardian rushes to your aid.


Message History

The jelly is moderately wounded.
The jelly hits you.
You are splashed with acid!
The acid corrodes you!
The acid burns!
You hit the jelly.
Your claws burn!
The jelly is heavily wounded.
The jelly barely misses you.
You hit the jelly but do no damage.
Your claws burn!
The jelly is heavily wounded.
The jelly hits you.
You are splashed with acid!
The acid burns!
* * * LOW HITPOINT WARNING * * *
You hit the jelly but do no damage.
Your claws burn!
* * * LOW HITPOINT WARNING * * *
The jelly is heavily wounded.
You hit the jelly but do no damage.
Your claws burn!
* * * LOW HITPOINT WARNING * * *
The jelly is heavily wounded.
The jelly hits you.
* * * LOW HITPOINT WARNING * * *
You are splashed with acid!
The acid corrodes you!
The acid burns!
You die...

################
#<.#.)').#.)'..#
#..'..#..'..#..+
#..#####'#####'#
#..# #..# #$#
#..# #### #@#
#..# #.J+ #⌠⌠#
..._# ####
#_.#+# ##+


You could see a jelly.

Vanquished Creatures
  Sigmund (D)
  An ogre (D)
  Ijyb (D)
3 creatures vanquished.

Notes
Turn   | Place    | Note
--------------------------------------------------------------
     0 | D        | Hiddenleafguy the Demonspawn Assassin began the quest for the Orb.
     0 | D        | Reached XP level 1. HP: 16/16 MP: 1/1
     1 | D        | Noticed Ijyb
    12 | D        | Killed Ijyb
    12 | D        | Reached skill level 6 in Stealth
    12 | D        | Gained mutation: A weak demonic guardian rushes to your aid. [demonic ancestry]
    12 | D        | Reached XP level 2. HP: 15/23 MP: 2/2
   125 | D        | Noticed an ogre
   140 | D        | Killed an ogre
   140 | D        | Reached skill level 1 in Dodging
   140 | D        | Reached skill level 8 in Stealth
   140 | D        | Gained mutation: You are partially covered in rugged brown scales (AC +1, +3% HP). [demonic ancestry]
   140 | D        | Reached XP level 3. HP: 5/29 MP: 3/3
   140 | D        | Gained mutation: You have sharp fingernails. [demonic ancestry]
   140 | D        | Reached XP level 4. HP: 6/37 MP: 4/4
   404 | D        | Noticed Sigmund
   407 | D        | Killed Sigmund
   407 | D        | Reached skill level 10 in Stealth
   407 | D        | Gained mutation: You are mostly covered in rugged brown scales (AC +2, +5% HP). [demonic ancestry]
   407 | D        | Reached XP level 5. HP: 39/45 MP: 5/5
   407 | D        | Reached XP level 6. HP: 45/51 MP: 6/6
   420 | D        | Found a deep blue altar of Sif Muna.
   422 | D        | Found a radiant altar of Vehumet.
   428 | D        | Splashed by a jelly's acid

Skill      XL: |  1  2  3  4 |
---------------+-------------+-----
Short Blades   | 2 3 |  3.9
Throwing       | 2 3 |  3.3
Stealth        | 6 8 10 | 10.9
Fighting       | 3 4 |  4.4
Dodging        | 1 2 |  2.2

Action                   |  1- 3 |  4- 6 || total
-------------------------+-------+-------++-------
Melee: Dagger            |    23 |     6 ||    29
 Stab: Sleeping          |     1 |     1 ||     2
Armor: Robe              |     1 |       ||     1
Dodge: Dodged            |     9 |     2 ||    11
